 Dungeon Crawl Stone Soup version 0.22.1-1-ga44c0e56f4 (webtiles) character file.

3332 Lindell the Carver (level 10, -5/79 HPs)
             Began as a Human Fighter on Sept 24, 2018.
             Was a Priest of Okawaru.
             Slain by an orc warrior
             ... wielding a +0 halberd
              (32 damage)
             ... in a bailey.
             The game lasted 01:17:12 (11047 turns).

Lindell the Carver (Human Fighter)                 Turns: 11047, Time: 01:17:13

Health: -5/79      AC: 15    Str: 19    XL:     10   Next: 22%
Magic:  13/13      EV:  6    Int:  8    God:    Okawaru [***...]
Gold:   278        SH:  0    Dex: 19    Spells: 9/9 levels left

rFire    . . .     SeeInvis .   w - +0 great sword (curse)
rCold    . . .     Gourm    .   (shield currently unavailable)
rNeg     . . .     Faith    .   M - +0 plate armour
rPois    .         Spirit   .   i - +0 helmet
rElec    .         Reflect  .   k - +0 cloak {+Inv}
rCorr    .         Harm     .   (no gloves)
MR       .....                  (no boots)
Stlth    ..........             (no amulet)
HPRegen  0.23/turn              E - ring of stealth
MPRegen  0.13/turn              q - +5 ring of dexterity

@: no status effects
A: no striking features
a: Heroism, Renounce Religion, Evoke Invisibility


You were in a bailey.
You worshipped Okawaru.
Okawaru was most pleased with you.
You were not hungry.

You visited 1 branch of the dungeon, and saw 8 of its levels.
You also visited: Sewer and Bailey.

You collected 453 gold pieces.
You spent 175 gold pieces at shops.

Inventory:

Hand Weapons
 a - a +1 long sword
 w - a cursed +0 great sword (weapon)
 F - a +0 rapier
Missiles
 r - 219 stones (quivered)
 t - 4 tomahawks
Armour
 c - a +0 shield
 h - a +0 buckler
 i - a +0 helmet (worn)
 k - a +0 cloak of invisibility (worn)
 M - a +0 plate armour (worn)
Jewellery
 q - a +5 ring of dexterity (right hand)
 E - a ring of stealth (left hand)
Wands
 b - a wand of scattershot (1)
 y - a wand of enslavement (8)
 G - a wand of flame (22)
Scrolls
 e - 5 scrolls of teleportation
 g - a scroll of blinking
 m - 7 scrolls of identify
 n - a scroll of remove curse
 u - 2 scrolls of immolation {unknown}
 v - 2 scrolls of random uselessness {unknown}
 I - 2 scrolls of enchant armour {unknown}
 J - a scroll of magic mapping {unknown}
Potions
 d - 2 potions of resistance
 j - a potion of lignification {unknown}
 l - a potion of heal wounds
 o - 2 potions of brilliance
 p - a potion of invisibility {unknown}
 s - a potion of mutation {unknown}
 x - 2 potions of curing
 z - 3 potions of haste {unknown}
 A - 2 potions of flight {unknown}
 C - 2 potions of berserk rage {unknown}
 D - 2 potions of agility {unknown}
 H - a potion of ambrosia {unknown}
 K - a potion of might
Comestibles
 f - 10 rations


   Skills:
 + Level 7.1 Fighting
 * Level 9.2 Long Blades
 + Level 7.2 Armour
 - Level 0.3 Dodging
 - Level 3.3 Shields
 - Level 4.0 Invocations
 + Level 2.2 Evocations


You had 9 spell levels left.
You didn't know any spells.
Your spell library was empty.

Dungeon Overview and Level Annotations

Branches:
Dungeon (8/15)             Temple (0/1) D:6
   Lair: D:8-11

Altars:
Dithmenos
Nemelex Xobeh
Okawaru
Vehumet
Xom
The Shining One

Shops:
D:4 }   D:5 [}   D:7 (

Annotations:
D:7 +4 sword holy wrath


Message History

The orc warrior hits you with a halberd.
The orc barely misses you.
You hear a shout!
Your plate armour prevents you from hitting the orc warrior.
The orc no longer looks unusually strong.
The orc warrior hits you with a halberd.
The orc hits you from afar with a halberd.
The orc knight roars a battlecry!
The orc goes into a battle-frenzy!
You hit the orc warrior but do no damage.
The orc warrior no longer looks unusually strong.
The orc no longer looks unusually strong.
The orc warrior hits you with a halberd!!
* * * LOW HITPOINT WARNING * * *
The orc hits you from afar with a halberd!
* * * LOW HITPOINT WARNING * * *
You feel much better.
The orc warrior no longer looks unusually strong.
The orc warrior hits you with a halberd!!
You die...

### ##### ##∩##
#####
.....##.∩.##.....
.≈≈≈.o#..)#..≈≈≈.
≈≈o≈≈.o.....≈≈o≈≈
≈.oo≈..@....≈oo.≈
≈≈o≈≈.......≈≈o≈≈
.≈≈≈..#...#..≈≈≈.
.....##...##.....
##### ##∩## #####
###


You could see 2 orc knights, 4 orc warriors and 4 orcs.

Vanquished Creatures
  Pikel (D:4)
  A troll (D:6)
  Grinder (D:5)
  2 orc warriors
  An ice beast (D:5)
  A sky beast (D:7)
  A slave (D:4)
  5 ogres
  2 centaurs
  A crocodile (Sewer)
  2 bullfrogs (D:7)
  5 scorpions
  4 wights (D:8)
  2 howler monkeys (D:4)
  A centaur zombie (D:6)
  3 crimson imps
  4 hounds
  A jelly (D:6)
  Crazy Yiuf (D:2)
  2 orc wizards
  An iguana (D:7)
  A statue (D:5)
  4 worker ants
  A hound zombie (D:6)
  A worker ant zombie (D:7)
  A howler monkey zombie (D:5)
  14 adders
  2 shadow imps
  An ooze (D:4)
  2 adder zombies
  3 worms
  6 dart slugs
  2 leopard geckos (D:5)
  12 orcs
  6 giant cockroaches
  11 hobgoblins
  16 jackals
  9 kobolds
  2 quokkas
  17 bats
  4 frilled lizards
  11 goblins
  A leopard gecko skeleton (D:5)
  9 rats
178 creatures vanquished.

Notes
Turn   | Place    | Note
-------+----------+-------------------------------------------
     0 | D:1      | Lindell the Human Fighter began the quest for the Orb.
     0 | D:1      | Reached XP level 1. HP: 18/18 MP: 1/1
     2 | D:1      | Noticed a naga
     4 | D:1      | Noticed a troll
     4 | D:1      | Noticed a merfolk
     6 | D:1      | Noticed a human
     6 | D:1      | Noticed a felid
     8 | D:1      | Noticed a halfling
     8 | D:1      | Noticed an elf
    10 | D:1      | Noticed a tengu
    10 | D:1      | Noticed a gargoyle
    12 | D:1      | Noticed a ghoul
    12 | D:1      | Noticed a dwarf
    14 | D:1      | Noticed a demonspawn
    14 | D:1      | Noticed an ogre
    16 | D:1      | Noticed an octopode
    16 | D:1      | Noticed a spriggan
    18 | D:1      | Noticed a vampire
    18 | D:1      | Noticed a vine stalker
    20 | D:1      | Noticed a demigod
    20 | D:1      | Noticed a draconian
    22 | D:1      | Noticed a minotaur
    24 | D:1      | Noticed a centaur
    26 | D:1      | Noticed a formicid
   116 | D:1      | Reached XP level 2. HP: 24/24 MP: 2/2
   466 | D:1      | Reached XP level 3. HP: 28/29 MP: 3/3
  1148 | D:2      | Reached XP level 4. HP: 35/35 MP: 4/4
  1725 | D:2      | Found an iron altar of Okawaru.
  1737 | D:2      | Became a worshipper of Warmaster Okawaru
  1864 | D:2      | Found a runed door.
  2285 | D:3      | Reached skill level 3 in Long Blades
  2538 | D:3      | Reached XP level 5. HP: 39/41 MP: 5/5
  3219 | D:3      | Found a faded altar of an unknown god.
  3361 | D:4      | Reached XP level 6. HP: 48/48 MP: 6/6
  3396 | D:4      | Noticed an ogre
  3432 | D:3      | Reached skill level 4 in Long Blades
  3650 | D:4      | Noticed a slave
  3682 | D:4      | Killed a slave
  3812 | D:4      | Reached XP level 7. HP: 34/55 MP: 7/7
  3880 | D:4      | Noticed Pikel
  4053 | D:4      | Reached skill level 5 in Long Blades
  4399 | D:4      | Reached * piety under Okawaru
  4478 | D:4      | Found Marrouq's Gadget Shoppe.
  4645 | D:4      | Found a shadowy altar of Dithmenos.
  4745 | D:5      | Entered Level 5 of the Dungeon
  4928 | D:5      | Reached skill level 5 in Armour
  4968 | D:5      | Found a radiant altar of Vehumet.
  5013 | D:5      | Found Xaofed's Antique Armour Shoppe.
  5042 | D:5      | Reached skill level 5 in Fighting
  5042 | D:5      | Reached XP level 8. HP: 53/62 MP: 8/8
  5137 | D:5      | Found a shimmering altar of Xom.
  5155 | D:5      | Reached skill level 6 in Long Blades
  5347 | D:5      | Found a glowing drain.
  5351 | Sewer    | Entered a sewer
  5584 | D:5      | Noticed a two-headed ogre
  5761 | D:5      | Found Xout Viwn's Gadget Shoppe.
  5769 | D:5      | Bought a wand of flame (25) for 175 gold pieces
  6069 | D:5      | HP: 1/62 [ogre/giant spiked club (12)]
  6419 | D:5      | Noticed Grinder
  6433 | D:5      | Paralysed by Grinder for 7 turns
  6458 | D:6      | Noticed a troll
  6480 | D:5      | Reached skill level 1 in Invocations
  6510 | D:5      | Paralysed by Grinder for 3 turns
  6667 | D:6      | Reached ** piety under Okawaru
  6781 | D:6      | Reached skill level 7 in Long Blades
  7177 | D:6      | Found a staircase to the Ecumenical Temple.
  7251 | D:6      | Reached XP level 9. HP: 27/69 MP: 10/10
  7645 | D:6      | Killed a troll
  8370 | D:5      | Killed Grinder
  8431 | D:5      | Found a glowing golden altar of the Shining One.
  8703 | D:4      | Killed Pikel
  8703 | D:4      | Reached *** piety under Okawaru
  8703 | D:4      | Reached skill level 8 in Long Blades
  9419 | D:2      | Noticed Crazy Yiuf
  9430 | D:2      | Killed Crazy Yiuf
  9718 | D:7      | Found a sparkling altar of Nemelex Xobeh.
  9882 | D:7      | Found Hesor's Weapon Shop.
 10204 | D:7      | Reached skill level 1 in Evocations
 10204 | D:7      | Reached XP level 10. HP: 77/77 MP: 13/13
 10601 | D:8      | Reached skill level 9 in Long Blades
 11014 | D:8      | Found a flagged portal.
 11019 | Bailey   | Entered a bailey
 11019 | Bailey   | Noticed an orc knight
 11027 | Bailey   | Noticed an orc knight
 11047 | Bailey   | Slain by an orc warrior

Skill      XL: |  1  2  3  4  5  6  7  8  9 10 |
---------------+-------------------------------+-----
Long Blades    | 3 4 5 7 8 9 |  9.2
Armour         | 4 5 6 7 |  7.2
Fighting       | 4 5 6 7 |  7.1
Invocations    | 2 4 |  4.0
Evocations     | 1 2 |  2.2
Dodging        | |  0.3
Shields        | |  3.3

Action                   |  1- 3 |  4- 6 |  7- 9 | 10-12 || total
-------------------------+-------+-------+-------+-------++-------
Melee: Long sword        |   134 |   219 |   138 |       ||   491
       Rapier            |       |       |   247 |    61 ||   308
       Great sword       |       |       |       |    41 ||    41
Throw: Tomahawk          |       |       |     2 |       ||     2
       Stone             |       |       |     1 |       ||     1
Invok: Heroism           |       |       |     5 |     1 ||     6
Evoke: Wand              |       |       |     7 |       ||     7
  Use: Scroll            |       |     8 |     3 |     1 ||    12
       Potion            |       |     2 |     1 |     1 ||     4
  Eat: Chunk             |     1 |     8 |     4 |       ||    13
       Ration            |       |       |     5 |     1 ||     6
Armor: Scale mail        |    55 |    65 |       |       ||   120
       Chain mail        |       |    51 |   103 |       ||   154
       Plate armour      |       |       |    44 |    42 ||    86
Dodge: Dodged            |    42 |    73 |    67 |    21 ||   203
Block: Shield            |    67 |   122 |   198 |    23 ||   410
       Rpst.: Long sword |     8 |    26 |    15 |       ||    49
       Great sword       |       |       |       |     6 ||     6
